[Event "Titled Tuesday Blitz November 22 Late 2022"]
[White "Gutkin, Ilya"]
[Black "Mendonca, Mateus Nakajo"]
[WhiteFideId "16203470"]
[BlackFideId "2110954"]
[WhiteElo "2265"]
[BlackElo "2310"]
[Result "1-0"]
[Round "06"]
[TimeControl "180+1"]
[Date "2022.11.23"]
[WhiteClock "0:00:11"]
[BlackClock "0:00:05"]

1. Nf3 d5 2. g3 Nf6 3. Bg2 Bf5 4. c4 c6 5. Qb3 Qb6 6. d3 Nbd7 7. Be3 Qxb3 8. axb3 a6 9. Nc3 e6 10. Nd4 Bg6 11. Nc2 Be7 12. cxd5 cxd5 13. f4 O-O 14. b4 Rfc8 15. Kd2 h6 16. Bd4 Ne8 17. h3 Bf6 18. g4 Nd6 19. Rhf1 Bxd4 20. Nxd4 Re8 21. f5 Bh7 22. fxe6 fxe6 23. Nxe6 Rxe6 24. Bxd5 Re8 25. e4 Nf6 26. Bxe6+ Rxe6 27. Na4 Nd7 28. Nc5 Nxc5 29. bxc5 Nb5 30. Ke3 Re7 31. Rac1 Bg6 32. c6 Be8 33. cxb7 Rxb7 34. Rc8 Re7 35. Ra8 Nc7 36. Rc8 Kh7 37. Rf8 Bb5 38. h4 Kg6 39. Rf5 Be8 40. h5+ Kh7 41. Rf8 Nd5+ 42. Kd4 Nf6 43. e5 Rd7+ 44. Kc4 Bf7+ 45. Rxf7 Rxf7 46. exf6 gxf6 47. d4 Rg7 48. d5 Rxg4+ 49. Kc5 Rg1 50. Rc7+ Kg8 51. d6 Kf8 52. Kc6 Rf1 53. Rh7 Rc1+ 54. Kd7 f5 55. Ke6 f4 56. d7 Re1+ 57. Kf6 Kg8 58. d8=Q+ Kxh7 59. Qd7+ 1-0


[Site "https://www.chess.com"]

[Event "Titled Tuesday Blitz November 22 Late 2022"]
[White "Hardaway, Brewington"]
[Black "Papp, Levente"]
[WhiteFideId "30941849"]
[BlackFideId "751243"]
[WhiteElo "2783"]
[BlackElo "2599"]
[Result "0-1"]
[Round "06"]
[TimeControl "180+1"]
[Date "2022.11.23"]
[WhiteClock "0:00:10"]
[BlackClock "0:00:03"]

1. d4 e6 2. Nf3 Nf6 3. c4 c5 4. Nc3 cxd4 5. Nxd4 Nc6 6. g3 Bc5 7. Nb3 Bb4 8. Bg2 d5 9. cxd5 Nxd5 10. Bd2 Nxc3 11. bxc3 Be7 12. O-O O-O 13. Qc2 e5 14. Rfd1 Qc7 15. Rac1 Be6 16. Be3 b6 17. c4 Rac8 18. Qb2 Nb4 19. c5 b5 20. c6 Bc4 21. Nc5 Qa5 22. Qxe5 Bf6 23. Qd6 Rfe8 24. Nd7 Bb2 25. Rb1 Ba3 26. Bd2 Bxe2 27. Re1 Nd3 28. Bxa5 Bxd6 29. Rxe2 Rxe2 30. Bf1 Rb2 31. Rd1 Bb4 32. Bxd3 Bxa5 33. Ne5 g6 34. Be4 Bb6 35. Bd5 Rxf2 36. Kh1 Rf5 37. Nd7 Kg7 38. Be4 Rf2 39. Rc1 Re2 40. Bf3 Rxa2 41. Bg4 Rc7 42. Ne5 Bd4 43. Nf3 Bf6 44. Bd7 Ra4 45. Nd2 Rd4 46. Nb3 Rd3 47. Nc5 Rc3 48. Rxc3 Bxc3 49. Na6 Ba5 50. Kg2 f5 51. Kf3 Kf6 52. Nxc7 Bxc7 53. Ke3 Ke5 54. Kd3 a5 55. Be8 g5 56. Bf7 h6 57. Bg6 f4 58. g4 Kd6 59. Be4 Kc5 60. Bf3 a4 61. Ke4 a3 0-1


[Site "https://www.chess.com"]

[Event "Titled Tuesday Blitz November 22 Late 2022"]
[White "Ibarra Jerez, Jose Carlos"]
[Black "Milikow, Yoav"]
[WhiteFideId "2226332"]
[BlackFideId "2822237"]
[WhiteElo "2638"]
[BlackElo "2341"]
[Result "1/2-1/2"]
[Round "06"]
[TimeControl "180+1"]
[Date "2022.11.22"]
[WhiteClock "0:00:06"]
[BlackClock "0:00:08"]

1. e4 e5 2. Nf3 Nc6 3. Bb5 Nf6 4. O-O Nxe4 5. d4 Nd6 6. dxe5 Nxb5 7. a4 d6 8. e6 Bxe6 9. axb5 Ne5 10. Nd4 Be7 11. f4 Nd7 12. Qf3 O-O 13. Qxb7 Nc5 14. Qf3 Qd7 15. Nc3 Bf6 16. Be3 Bc4 17. Rfd1 Rfe8 18. b3 Be6 19. h3 Bf5 20. g4 Bxc2 21. Nxc2 Bxc3 22. Bxc5 Bxa1 23. Nxa1 Qxb5 24. Bd4 Qe2 25. Qd3 Qxd3 26. Rxd3 Re1+ 27. Kf2 Rae8 28. b4 c5 29. bxc5 dxc5 30. Be5 Rh1 31. Nc2 f6 32. Kg2 Rc1 33. Ne3 fxe5 34. f5 c4 35. Rd7 c3 36. f6 gxf6 37. Nd5 Rf8 38. Rc7 c2 39. h4 Kh8 40. Ne3 a5 41. g5 fxg5 42. hxg5 Rg8 43. Nd5 Rd1 44. Nf6 Rxg5+ 45. Kh2 Rh5+ 46. Nxh5 h6 47. Rxc2 Kh7 48. Rc5 Kg6 49. Ng3 Kf6 50. Rxa5 Rd4 51. Ra6+ Kg5 52. Kh3 h5 53. Ra8 h4 54. Rg8+ Kf6 55. Nh5+ Kf7 56. Rg7+ Ke6 57. Rg6+ Kf5 58. Rg8 Ra4 59. Ng7+ Kf6 60. Ne8+ Kf7 61. Rh8 Rd4 62. Nc7 Rc4 63. Nd5 Ke6 64. Nb6 Rb4 65. Kg2 Kf7 66. Nd5 Rd4 67. Ne3 Kg7 68. Rh5 Re4 69. Kf3 Rf4+ 70. Kg2 Re4 71. Nd5 Kg6 72. Rh8 Rd4 73. Nb6 Rb4 74. Nd5 Rd4 75. Ne3 Re4 76. Kf2 Rf4+ 77. Ke2 Kg7 78. Rh5 Re4 79. Kf3 Kg6 80. Rh8 Rf4+ 81. Ke2 Kg7 82. Re8 Re4 83. Re6 Kf7 84. Rc6 Ra4 85. Kf3 Rf4+ 86. Kg2 Ra4 87. Nf5 Rf4 88. Ne3 Rd4 89. Rb6 Re4 90. Kf3 Rf4+ 91. Kg2 Ke8 92. Nd5 Rd4 93. Re6+ Kd7 94. Rxe5 Kd6 95. Rh5 Rxd5 96. Rxd5+ Kxd5 97. Kh3 Ke4 98. Kxh4 1/2-1/2


[Site "https://www.chess.com"]

[Event "Titled Tuesday Blitz November 22 Late 2022"]
[White "Ivic, Velimir"]
[Black "Sokolovsky, Yahli"]
[WhiteFideId "950122"]
[BlackFideId "2820242"]
[WhiteElo "2625"]
[BlackElo "2316"]
[Result "1/2-1/2"]
[Round "06"]
[TimeControl "180+1"]
[Date "2022.11.22"]
[WhiteClock "0:00:21"]
[BlackClock "0:00:06"]

1. d4 d6 2. e4 g6 3. Nc3 Bg7 4. Be3 a6 5. g4 b5 6. Bg2 Bb7 7. h4 h6 8. g5 h5 9. d5 e6 10. dxe6 fxe6 11. Nge2 Ne7 12. Nf4 Kf7 13. Bh3 Bc8 14. Qf3 Rf8 15. Nxe6+ Kg8 16. Nxf8 Qxf8 17. Qxf8+ Kxf8 18. Bxc8 Nxc8 19. Nd5 c5 20. O-O-O Nc6 21. f4 N8e7 22. Nxe7 Kxe7 23. f5 Be5 24. Rhf1 Rg8 25. c3 b4 26. Kc2 a5 27. Bf4 Bxf4 28. Rxf4 Ne5 29. fxg6 Rxg6 30. Rdf1 Ng4 31. Rf7+ Ke6 32. Rh7 Ne3+ 33. Kd3 Nxf1 34. Rxh5 Kf7 35. Rh8 Rg8 36. Rh6 Rg6 37. Rh8 Rg8 38. Rxg8 Kxg8 39. Kc4 Nd2+ 40. Kd5 bxc3 41. bxc3 c4 42. a4 Kg7 43. h5 Kh7 44. g6+ Kg7 45. Kd4 Kh6 46. Ke3 Nb1 47. Kd4 Nd2 48. Kd5 Kg7 49. e5 dxe5 50. Kxe5 Nb1 51. Kd4 Nd2 52. Kc5 Kh6 53. Kb5 Ne4 54. Kxc4 Kxh5 55. g7 Nf6 56. Kb5 Kg6 57. Kxa5 Kxg7 58. Kb5 Kf7 59. a5 Ne8 60. a6 Ke7 61. a7 Nc7+ 62. Kc6 Kd8 63. Kb7 Kd7 64. c4 Na8 65. c5 Kd8 66. c6 Nc7 67. Kb8 Na8 68. Kb7 Nc7 69. a8=B Nxa8 70. c7+ Nxc7 1/2-1/2


[Site "https://www.chess.com"]

[Event "Titled Tuesday Blitz November 22 Late 2022"]
[White "Janaszak, Dawid"]
[Black "monkins"]
[WhiteFideId "1119206"]
[WhiteElo "2226"]
[BlackElo "2326"]
[Result "1-0"]
[Round "06"]
[TimeControl "180+1"]
[Date "2022.11.23"]
[WhiteClock "0:01:49"]
[BlackClock "0:00:01"]

1. e4 c6 2. b3 d5 3. Bb2 dxe4 4. Nc3 Nf6 5. Qe2 Bf5 6. h3 h5 7. O-O-O Qa5 8. g3 Nbd7 9. Bg2 O-O-O 10. Kb1 e6 11. Nxe4 Be7 12. Ng5 Rhf8 13. N1f3 Ba3 14. Ba1 Qc7 15. Nd4 Bg6 16. f4 Bd6 17. Rhe1 e5 18. Nde6 fxe6 19. Nxe6 Qb6 20. fxe5 Nxe5 21. Bxe5 Bxe5 22. Nxf8 Rxf8 23. Qxe5 Nd7 24. Qd6 1-0


[Site "https://www.chess.com"]

[Event "Titled Tuesday Blitz November 22 Late 2022"]
[White "Javakhadze, Zurab"]
[Black "Wirig, Anthony"]
[WhiteFideId "13603647"]
[BlackFideId "615013"]
[WhiteElo "2381"]
[BlackElo "2487"]
[Result "1-0"]
[Round "06"]
[TimeControl "180+1"]
[Date "2022.11.22"]
[WhiteClock "0:01:05"]
[BlackClock "0:00:17"]

1. Nf3 d5 2. g3 Nc6 3. d4 Bf5 4. Bg2 Qd7 5. c4 e6 6. O-O Nf6 7. Nc3 Be7 8. Ne5 Nxe5 9. dxe5 Ne4 10. cxd5 Nxc3 11. bxc3 exd5 12. Qxd5 Qxd5 13. Bxd5 c6 14. Bg2 Bc5 15. e4 Be6 16. Re1 O-O-O 17. Bf1 Rd7 18. Kg2 h6 19. f4 g6 20. h3 Rhd8 21. g4 Rd3 22. Bxd3 Rxd3 23. f5 Bd7 24. e6 fxe6 25. fxg6 e5 26. g7 Be6 27. Rf1 Rd8 28. Bxh6 Kc7 29. Rf8 1-0


[Site "https://www.chess.com"]

[Event "Titled Tuesday Blitz November 22 Late 2022"]
[White "Jimenez Almeida, Luis David"]
[Black "Mladek, Richard"]
[WhiteFideId "22242244"]
[BlackFideId "386588"]
[WhiteElo "2158"]
[BlackElo "2271"]
[Result "0-1"]
[Round "06"]
[TimeControl "180+1"]
[Date "2022.11.23"]
[WhiteClock "0:00:02"]
[BlackClock "0:00:04"]

1. e4 e5 2. Nf3 Nc6 3. Bb5 a6 4. Ba4 Nf6 5. O-O Nxe4 6. Re1 Nc5 7. Nxe5 Nxe5 8. Rxe5+ Be7 9. Bb3 Nxb3 10. axb3 O-O 11. d4 d5 12. Nc3 c6 13. Re1 Bd6 14. Qf3 Qh4 15. h3 Bd7 16. Be3 Rfe8 17. Ne2 Re6 18. Bf4 Rf6 19. Bg3 Qh6 20. Qe3 Qxe3 21. fxe3 Re8 22. Bxd6 Rxd6 23. Nf4 Bf5 24. c3 Be4 25. Kh2 f5 26. Ne2 Bc2 27. Ng3 Rde6 28. Re2 Bxb3 29. Nxf5 g6 30. Nh6+ Kg7 31. Ng4 Re4 32. Rae1 R4e6 33. Rf2 Rf8 34. Rxf8 Kxf8 35. Ne5 Kg7 36. g4 a5 37. g5 a4 38. Rf1 Re7 39. h4 Bc2 40. Kg3 Bf5 41. h5 Rc7 42. h6+ Kf8 43. Nf3 Ke7 44. Nh4 Be6 45. Rf6 Bf7 46. Kf4 b5 47. Ke5 c5 48. Rb6 b4 49. dxc5 bxc3 50. bxc3 Rxc5 51. Rb7+ Kf8 52. Rb8+ Ke7 53. Rb7+ Kf8 54. Rb8+ Be8 55. Nf3 Rxc3 56. Kd4 Rc4+ 57. Kxd5 Rc7 58. Nd4 Rd7+ 59. Ke5 Re7+ 60. Kf6 Rf7+ 61. Ke6 Re7+ 62. Kf6 Rf7+ 63. Ke5 a3 64. Ne6+ Ke7 65. Ng7 Bd7 66. Ra8 a2 0-1


[Site "https://www.chess.com"]

[Event "Titled Tuesday Blitz November 22 Late 2022"]
[White "Kalogeris, Ioannis"]
[Black "Yeritsyan, Hayk"]
[WhiteFideId "4239563"]
[BlackFideId "13307320"]
[WhiteElo "2312"]
[BlackElo "2377"]
[Result "0-1"]
[Round "06"]
[TimeControl "180+1"]
[Date "2022.11.23"]
[WhiteClock "0:02:02"]
[BlackClock "0:01:55"]

1. e4 c6 2. d4 d5 3. e5 c5 4. dxc5 e6 5. Nf3 Bxc5 6. Bd3 Nc6 7. O-O Nge7 8. a3 Ng6 9. b4 Bb6 10. Re1 Nd4 11. Bb2 Nxf3+ 12. Qxf3 O-O 13. Nd2 Qh4 14. g3 Qg5 15. Qe2 Nf4 16. Qf3 Nh3+ 17. Kg2 Nxf2 18. Re2 Nxd3 19. cxd3 Bd7 20. Rf1 Bb5 21. h4 Qg6 0-1


[Site "https://www.chess.com"]

[Event "Titled Tuesday Blitz November 22 Late 2022"]
[White "Kilic, Eray"]
[Black "Zhigalko, Sergei"]
[WhiteFideId "44517173"]
[BlackFideId "13502956"]
[WhiteElo "2328"]
[BlackElo "2662"]
[Result "1-0"]
[Round "06"]
[TimeControl "180+1"]
[Date "2022.11.22"]
[WhiteClock "0:00:07"]
[BlackClock "0:00:02"]

1. e4 c5 2. Nf3 Nc6 3. Bb5 Nf6 4. d3 Qa5+ 5. Nc3 Nd4 6. Bc4 b5 7. Bb3 Nxb3 8. cxb3 d6 9. O-O e6 10. Re1 Bb7 11. Bf4 Be7 12. e5 dxe5 13. Nxe5 O-O 14. Qe2 Nd5 15. Bd2 Nxc3 16. bxc3 Qc7 17. Bf4 Bd6 18. Bg3 Rad8 19. Rad1 Rfe8 20. c4 a6 21. d4 cxd4 22. Rxd4 f6 23. Ng4 Bxg3 24. Rxd8 Bxh2+ 25. Nxh2 Qxd8 26. cxb5 Qd5 27. Nf3 axb5 28. Rd1 Qc6 29. Qd2 e5 30. Qb4 Qc2 31. Rd7 Bxf3 32. gxf3 Qc6 33. Qg4 Qc1+ 34. Kg2 Qh6 35. Rb7 Kh8 36. Rxb5 Qd2 37. Rb7 Rg8 38. a4 Qd5 39. Qd7 Qc5 40. b4 Qc4 41. a5 e4 42. Qg4 exf3+ 43. Qxf3 h6 44. b5 Rd8 45. a6 Rd5 46. a7 Rg5+ 47. Qg3 Qe4+ 48. Kh2 Qxb7 49. Qb8+ Qxb8+ 50. axb8=Q+ Kh7 51. f4 Rxb5 52. Qxb5 1-0


[Site "https://www.chess.com"]

[Event "Titled Tuesday Blitz November 22 Late 2022"]
[White "Kleiman, Jake"]
[Black "Lopez Mulet, Inigo"]
[WhiteFideId "2020041"]
[BlackFideId "22235620"]
[WhiteElo "2626"]
[BlackElo "2289"]
[Result "0-1"]
[Round "06"]
[TimeControl "180+1"]
[Date "2022.11.23"]
[WhiteClock "0:00:20"]
[BlackClock "0:01:06"]

1. e4 c5 2. c3 d5 3. exd5 Qxd5 4. d4 Nf6 5. Nf3 e6 6. Na3 Nc6 7. Be3 cxd4 8. Nb5 Qd8 9. Nbxd4 Nxd4 10. Bxd4 Be7 11. Bd3 O-O 12. O-O b6 13. Ne5 Bb7 14. Qe2 Bc5 15. Bxc5 bxc5 16. Rad1 Qb6 17. Bc4 Bd5 18. Bxd5 exd5 19. Rfe1 Rfe8 20. Qc2 Rab8 21. b3 a5 22. h3 Qc7 23. Qf5 Re6 24. Ng4 Rxe1+ 25. Rxe1 Nxg4 26. hxg4 Qd6 27. Rd1 Rd8 28. Rd3 g6 29. Qf3 h6 30. g3 Kg7 31. Kg2 Qe6 32. Qf4 Rd7 33. Kf1 Qa6 34. Qe3 d4 35. cxd4 Rxd4 36. Ke2 a4 37. Kd2 axb3 38. Rxd4 Qxa2+ 39. Ke1 Qa1+ 40. Ke2 Qxd4 41. Qxb3 Qxg4+ 42. Ke1 Qe6+ 43. Qxe6 fxe6 0-1


[Site "https://www.chess.com"]

[Event "Titled Tuesday Blitz November 22 Late 2022"]
[White "Klenburg, Michael"]
[Black "Floresvillar Gonzalez, Luis Migu"]
[WhiteFideId "14102072"]
[BlackFideId "5100542"]
[WhiteElo "2405"]
[BlackElo "2040"]
[Result "1-0"]
[Round "06"]
[TimeControl "180+1"]
[Date "2022.11.23"]
[WhiteClock "0:00:38"]
[BlackClock "0:00:03"]

1. e4 c5 2. d3 b5 3. g3 Bb7 4. Bg2 a6 5. f4 d6 6. Nf3 Nc6 7. O-O e6 8. h3 Be7 9. Be3 h5 10. Bf2 Qc7 11. Nbd2 Nh6 12. Re1 f6 13. Nh4 O-O-O 14. Ng6 Rhg8 15. Qxh5 Kb8 16. c3 f5 17. Nf3 Bf6 18. Ng5 Bxg5 19. fxg5 Nf7 20. exf5 exf5 21. d4 Rde8 22. Nf4 g6 23. Nxg6 Ne7 24. Nxe7 Rxe7 25. g6 Nd8 26. Bxb7 Qxb7 27. dxc5 dxc5 28. Qxf5 Reg7 29. Qxc5 Rxg6 30. Re3 Ne6 31. Qe5+ Ka8 32. Rd1 Ng5 33. Qe8+ Rxe8 34. Rxe8+ Qb8 35. Rxb8+ Kxb8 36. Kg2 Ne4 37. Rd4 Nxf2 38. Kxf2 Kc7 39. g4 Kc6 40. Kg3 Kc5 41. h4 a5 42. h5 Re6 43. Rd2 Re1 44. Kh4 Rh1+ 45. Kg5 Kc4 46. a3 a4 47. Kg6 1-0


[Site "https://www.chess.com"]

[Event "Titled Tuesday Blitz November 22 Late 2022"]
[White "Koellner, Ruben Gideon"]
[Black "Djordjevic, Vuk"]
[WhiteFideId "12993093"]
[BlackFideId "902098"]
[WhiteElo "2607"]
[BlackElo "2783"]
[Result "0-1"]
[Round "06"]
[TimeControl "180+1"]
[Date "2022.11.23"]
[WhiteClock "0:00:02"]
[BlackClock "0:00:47"]

1. d4 Nf6 2. Bg5 d5 3. e3 e6 4. Nd2 Nbd7 5. f4 c5 6. c3 h6 7. Bxf6 gxf6 8. Qh5 f5 9. Ngf3 Nf6 10. Qh3 Qb6 11. Rb1 Bd7 12. Ne5 Ba4 13. b3 Bb5 14. c4 Bc6 15. Nxc6 bxc6 16. cxd5 cxd5 17. Nf3 Qa5+ 18. b4 cxb4 19. Nd2 b3 20. Rxb3 Bb4 21. Rxb4 Qxb4 22. Bd3 Ke7 23. Ke2 Rab8 24. Rc1 Qd6 25. Rc2 h5 26. Qh4 Rhc8 27. Rxc8 Rxc8 28. Nf3 Qa3 29. Ne5 Qxa2+ 30. Kf3 Qa4 0-1


[Site "https://www.chess.com"]

[Event "Titled Tuesday Blitz November 22 Late 2022"]
[White "Kollars, Dmitrij"]
[Black "Pranav, V"]
[WhiteFideId "12909572"]
[BlackFideId "25060783"]
[WhiteElo "2584"]
[BlackElo "2430"]
[Result "1-0"]
[Round "06"]
[TimeControl "180+1"]
[Date "2022.11.22"]
[WhiteClock "0:00:06"]
[BlackClock "0:00:01"]

1. e4 e5 2. Nf3 Nc6 3. Bc4 Nf6 4. d3 h6 5. O-O d6 6. a4 g6 7. a5 a6 8. c3 Bg7 9. Re1 O-O 10. Nbd2 Be6 11. Bxe6 fxe6 12. Nf1 Nh5 13. Ng3 Nf4 14. Be3 Qd7 15. Qd2 Rf7 16. d4 Raf8 17. Bxf4 Rxf4 18. d5 Ne7 19. c4 c6 20. dxe6 Qxe6 21. b3 c5 22. Rad1 R8f6 23. Qd3 Nc6 24. Ne2 Nb4 25. Nxf4 Nxd3 26. Nxe6 Nxe1 27. Nxe1 Rxe6 28. Nc2 Bf6 29. g3 Bd8 30. Ra1 h5 31. h4 Kf7 32. Ne3 Ke8 33. Kg2 Kd7 34. Nd5 Kc6 35. f3 Re8 36. Kh3 Kd7 37. g4 Rf8 38. Kg3 g5 39. hxg5 hxg4 40. fxg4 Bxg5 41. Rh1 Rf7 42. Nb6+ Kc6 43. Rh5 Bd2 44. g5 Be1+ 45. Kg2 Bd2 46. Kh3 Rf3+ 47. Kg2 Rf7 48. Kg3 Be1+ 49. Kg2 Bxa5 50. Nd5 Bd2 51. Kg3 Rf1 52. Kg4 b5 53. g6 a5 54. Rh7 Rg1+ 55. Kf5 a4 56. Rc7# 1-0


[Site "https://www.chess.com"]

[Event "Titled Tuesday Blitz November 22 Late 2022"]
[White "Koutlas, Nikolaos"]
[Black "Guzman, Christopher"]
[WhiteFideId "25827138"]
[BlackFideId "6405096"]
[WhiteElo "2167"]
[BlackElo "2272"]
[Result "1-0"]
[Round "06"]
[TimeControl "180+1"]
[Date "2022.11.23"]
[WhiteClock "0:00:14"]
[BlackClock "0:00:51"]

1. c4 Nf6 2. Nc3 e6 3. e3 d5 4. Nf3 Be7 5. b3 O-O 6. Bb2 a5 7. Qc2 Nc6 8. a3 d4 9. exd4 Nxd4 10. Nxd4 Qxd4 11. O-O-O Qxf2 12. Bd3 Qh4 13. g4 e5 14. g5 Qxg5 15. Rhg1 Qh6 16. Rdf1 Be6 17. Ne2 Nd7 18. Ng3 Rad8 19. Bf5 Bg5 20. Ne4 Bf4 21. Rxf4 exf4 22. Bxg7 Qxg7 23. Rxg7+ Kxg7 24. Ng5 h6 25. Bxe6 hxg5 26. Bxd7 Rxd7 27. Qf5 Rfd8 28. Qxg5+ Kf8 29. Qh6+ Ke7 30. Qxf4 b6 31. Qe5+ Kf8 32. Qf4 Rd6 33. h4 Ke7 34. h5 Rh8 35. Qe5+ 1-0


[Site "https://www.chess.com"]

[Event "Titled Tuesday Blitz November 22 Late 2022"]
[White "Kovacevic, Radmila"]
[Black "Przybylski, Wojciech"]
[WhiteFideId "933171"]
[BlackFideId "1117599"]
[WhiteElo "2208"]
[BlackElo "2221"]
[Result "1-0"]
[Round "06"]
[TimeControl "180+1"]
[Date "2022.11.23"]
[WhiteClock "0:00:20"]
[BlackClock "0:00:05"]

1. e4 e5 2. d4 exd4 3. Qxd4 Nc6 4. Qe3 Nf6 5. Bd2 d6 6. Nc3 g6 7. f4 Bg7 8. Bc4 O-O 9. O-O-O Ng4 10. Qg3 Bd4 11. Nh3 Be6 12. Bxe6 fxe6 13. Qxg4 Qf6 14. Rhf1 Rae8 15. Rf3 b5 16. a3 a5 17. Ng5 b4 18. Qh3 h5 19. e5 dxe5 20. Nce4 Qf5 21. g4 Qxg4 22. Qf1 bxa3 23. bxa3 Rb8 24. c3 Qf5 25. cxd4 Nxd4 26. Rc3 exf4 27. Qc4 c5 28. Be1 Rfc8 29. Bf2 Qe5 30. Kd2 Rb2+ 31. Ke1 Re8 32. Bxd4 cxd4 33. Qxd4 Qxd4 34. Rxd4 Rxh2 35. Nf6+ Kf8 36. Ngh7+ Kf7 37. Rc7+ Re7 38. Rxe7+ Kxe7 39. Rd7# 1-0


[Site "https://www.chess.com"]

[Event "Titled Tuesday Blitz November 22 Late 2022"]
[White "Krzywda, Andrzej"]
[Black "Sabuk, Piotr"]
[WhiteFideId "1114565"]
[BlackFideId "1137565"]
[WhiteElo "2149"]
[BlackElo "2326"]
[Result "0-1"]
[Round "06"]
[TimeControl "180+1"]
[Date "2022.11.23"]
[WhiteClock "0:00:01"]
[BlackClock "0:00:05"]

1. d4 Nf6 2. c4 e6 3. Nf3 b6 4. a3 d5 5. Nc3 Be7 6. cxd5 exd5 7. Bf4 O-O 8. e3 c5 9. Rc1 Nc6 10. Bb5 Bb7 11. O-O c4 12. Ne5 Rc8 13. Nxc6 Bxc6 14. Ba6 Ra8 15. a4 Bb4 16. Bg5 h6 17. Bh4 Re8 18. b3 Ba3 19. Rb1 Bb4 20. Na2 Be7 21. bxc4 dxc4 22. Bxc4 Rc8 23. Qb3 Rf8 24. Rfc1 Qd7 25. Nc3 Qg4 26. Bg3 h5 27. d5 Bb7 28. d6 Bxd6 29. f3 Qxc4 30. Bxd6 Qxb3 31. Rxb3 Rfd8 32. Be5 Nd5 33. Kf2 Re8 34. Bd4 Rc4 35. Nxd5 Rxc1 36. Nf4 h4 37. Rb2 Bc6 38. a5 bxa5 39. Bxa7 a4 40. Bd4 a3 41. Ra2 Ra8 42. Ne2 Rc4 43. Nc3 Rb4 44. Ke2 Rb2+ 45. Rxb2 axb2 46. Kd3 Ra1 47. Kc2 Rg1 48. Kxb2 Rxg2+ 49. Kb3 Bxf3 50. Kc4 Rxh2 51. Na4 h3 0-1


[Site "https://www.chess.com"]

[Event "Titled Tuesday Blitz November 22 Late 2022"]
[White "Lashkin, Jegor"]
[Black "Jarmula, Lukasz"]
[WhiteFideId "13907808"]
[BlackFideId "1160664"]
[WhiteElo "2368"]
[BlackElo "2357"]
[Result "1-0"]
[Round "06"]
[TimeControl "180+1"]
[Date "2022.11.22"]
[WhiteClock "0:00:15"]
[BlackClock "0:00:01"]

1. e4 e6 2. d4 d5 3. Nc3 Bb4 4. e5 c5 5. a3 Bxc3+ 6. bxc3 Ne7 7. Qg4 Nf5 8. Bd3 h5 9. Qf4 Qh4 10. Nf3 Qxf4 11. Bxf4 cxd4 12. cxd4 Nc6 13. c3 Bd7 14. Ke2 Na5 15. Rab1 b6 16. Nd2 Rc8 17. Rhc1 O-O 18. h3 h4 19. g4 hxg3 20. fxg3 Rc7 21. g4 Ne7 22. Bg5 Ng6 23. h4 Rfc8 24. h5 Nf8 25. Ba6 Rb8 26. h6 Nh7 27. Be3 b5 28. a4 Nc4 29. Nxc4 Rxc4 30. Bxb5 Bxb5 31. axb5 Rbc8 32. Kd3 Ra4 33. Ra1 Rxa1 34. Rxa1 Rc7 35. Ra6 Nf8 36. hxg7 Kxg7 37. Rc6 Rb7 38. c4 dxc4+ 39. Kxc4 Nd7 40. Bd2 Nb6+ 41. Kc5 Na4+ 42. Kb4 Nb6 43. Ka5 Nd5 44. Ka6 Rd7 45. Ka5 Ne7 46. Rd6 Rc7 47. Bb4 Nd5 48. Bc5 Ne3 49. Ra6 Nc4+ 50. Kb4 1-0


[Site "https://www.chess.com"]

[Event "Titled Tuesday Blitz November 22 Late 2022"]
[White "Liu, Kelsey"]
[Black "Marcolino, Daniel Mattos"]
[WhiteFideId "30944481"]
[BlackFideId "2106841"]
[WhiteElo "2295"]
[BlackElo "2083"]
[Result "0-1"]
[Round "06"]
[TimeControl "180+1"]
[Date "2022.11.23"]
[WhiteClock "0:00:02"]
[BlackClock "0:00:52"]

1. e4 e5 2. Nf3 Nc6 3. Bb5 a6 4. Ba4 Nf6 5. O-O Be7 6. Qe2 b5 7. Bb3 d6 8. c3 O-O 9. Rd1 Bb7 10. d4 exd4 11. cxd4 Na5 12. Bc2 Re8 13. a3 Bf8 14. Nc3 Qe7 15. Bg5 h6 16. Bxf6 Qxf6 17. Qd3 g6 18. b4 Nc4 19. Re1 Rad8 20. Bb3 c5 21. Bxc4 bxc4 22. Qxc4 cxd4 23. Qxd4 Qxd4 24. Nxd4 Bg7 25. Rad1 Rc8 26. Na4 Rxe4 27. Rxe4 Bxe4 28. f3 Bb7 29. Kf2 Be5 30. Ne2 Rc2 31. Re1 Bc6 32. Nb6 Bd4+ 0-1


[Site "https://www.chess.com"]

[Event "Titled Tuesday Blitz November 22 Late 2022"]
[White "Lizak, Peter"]
[Black "Oparin, Grigoriy"]
[WhiteFideId "731595"]
[BlackFideId "24125890"]
[WhiteElo "2607"]
[BlackElo "2952"]
[Result "1/2-1/2"]
[Round "06"]
[TimeControl "180+1"]
[Date "2022.11.23"]
[WhiteClock "0:00:10"]
[BlackClock "0:00:28"]

1. d4 c6 2. e4 d5 3. Nc3 dxe4 4. Nxe4 Nf6 5. Nxf6+ exf6 6. c3 Bd6 7. Bd3 O-O 8. Qc2 Re8+ 9. Ne2 h5 10. O-O h4 11. h3 Nd7 12. Bd2 Nf8 13. Rae1 Bd7 14. f4 Rc8 15. f5 Nh7 16. Bf4 Qc7 17. Qd2 c5 18. Bxd6 Qxd6 19. Qf4 Qb6 20. dxc5 Rxc5 21. Nd4 Rce5 22. Qf2 Ng5 23. Rxe5 fxe5 24. Nb3 Qf6 25. Qe3 Bc6 26. Nd2 Rd8 27. Bc4 b6 28. Bb3 Kf8 29. Nc4 Ne4 30. Bc2 Ng3 31. Re1 e4 32. Qf4 g5 33. Qe5 Kg7 34. Qxf6+ Kxf6 35. Ne3 Rd2 36. b4 Ke5 37. Nc4+ Kf4 38. Nxd2 Kxf5 39. a4 Ke5 40. Nf3+ Kf4 41. Nd4 Bd7 42. Ne2+ Nxe2+ 43. Rxe2 f5 44. c4 Ke5 45. Rd2 Bc6 46. b5 Be8 47. Rd8 Bf7 48. Rc8 Kd4 49. Kf2 Bxc4 50. Rc7 e3+ 51. Ke1 f4 52. Rxa7 Bd5 53. Rd7 Kc5 54. a5 Bxg2 55. a6 f3 56. Rf7 f2+ 57. Rxf2 exf2+ 58. Kxf2 Bd5 59. Bd3 Kd6 60. Bf1 Kc5 61. Bg2 Kxb5 62. a7 Ka6 63. Bxd5 Kxa7 64. Kf3 Kb8 65. Kg4 Kc7 66. Kxg5 Kd6 67. Bb3 Ke7 68. Kxh4 Kf6 69. Kh5 Kg7 70. Kg4 Kh8 71. Kf4 Kg7 72. Ke5 Kh6 73. Kd6 Kg7 74. Kc6 Kh8 75. Kxb6 Kg7 76. Kc5 Kh8 77. h4 Kg7 78. h5 Kh8 79. h6 Kh7 80. Kd6 Kxh6 1/2-1/2


[Site "https://www.chess.com"]

[Event "Titled Tuesday Blitz November 22 Late 2022"]
[White "Maatman, Nick"]
[Black "Xiong, Jeffery"]
[WhiteFideId "1040391"]
[BlackFideId "2047640"]
[WhiteElo "2609"]
[BlackElo "3036"]
[Result "0-1"]
[Round "06"]
[TimeControl "180+1"]
[Date "2022.11.23"]
[WhiteClock "0:00:10"]
[BlackClock "0:00:25"]

1. d4 g6 2. e4 c5 3. Nf3 Bg7 4. Nc3 cxd4 5. Nxd4 Nc6 6. Be3 Nf6 7. Be2 d5 8. O-O Nxe4 9. Nxe4 dxe4 10. Nxc6 bxc6 11. Qxd8+ Kxd8 12. Rfd1+ Kc7 13. Bc4 f5 14. Bc5 Bxb2 15. Bxe7 Bxa1 16. Bd6+ Kd8 17. Be5+ Ke7 18. Bxa1 Re8 19. Bd4 Be6 20. Bc5+ Kf6 21. Rd6 Ke5 22. f4+ exf3 23. Bd3 Red8 24. Rxc6 Rac8 0-1


[Site "https://www.chess.com"]

[Event "Titled Tuesday Blitz November 22 Late 2022"]
[White "Machidon, Cristi"]
[Black "Silva, Caio Henrique Angelico"]
[WhiteFideId "13904590"]
[BlackFideId "22777210"]
[WhiteElo "2333"]
[BlackElo "1990"]
[Result "1-0"]
[Round "06"]
[TimeControl "180+1"]
[Date "2022.11.23"]
[WhiteClock "0:01:05"]
[BlackClock "0:00:09"]

1. e4 c6 2. c4 d5 3. cxd5 cxd5 4. exd5 Nf6 5. Qa4+ Nbd7 6. Nc3 g6 7. Bc4 Bg7 8. d3 O-O 9. Nf3 a6 10. Qa3 Nb6 11. Qb3 Nbd7 12. a4 Nc5 13. Qa3 b6 14. Be3 Rb8 15. O-O Bf5 16. Nd4 Bxd3 17. Bxd3 Nxd3 18. Nc6 Qc7 19. Rad1 Nc5 20. Bxc5 bxc5 21. Nxb8 Rxb8 22. Rfe1 Ne8 23. d6 exd6 24. Nd5 Qb7 25. b4 cxb4 26. Qxb4 Qa7 27. Qe4 Qc5 28. g3 Nf6 29. Nxf6+ Bxf6 30. Qd5 Qc2 31. Qxd6 Rb2 32. Re8+ 1-0


[Site "https://www.chess.com"]